Priest Dude, lawful male human Priest ----- |...| --- ##.G@.| .| # |.Y<| -.| ####-...| |.| # # ----- |.| ### |.| # |.| ####### |.| # # -- |. ## # . |.| #` # -.- |.| ## % |.+ -------|.| # |.| |#.|%%.-..######## |.---- |..|%%.|.| | -+------..{.---------|------.| |..............................| -------------------------------- Priest Dude the Adept Experience level: 6 Strength: 9 Dexterity: 10 Constitution: 17 Intelligence: 10 Wisdom: 14 Charisma: 10 Health: 0(53) Energy: 70(70) Def: 7 Gold: 0 Moves: 2330 Dungeon seed: RjUEAaYyiXHB4q1k Game ID: Priest Dude_1554827632 Your Inventory: Armor n - a burnt +0 small shield (being worn) y - a +0 dwarvish mithril-coat (being worn) z - a +0 pair of leather gloves (being worn) Comestibles c - a clove of garlic d - a sprig of wolfsbane m - a food ration o - a pear Spellbooks g - a spellbook of cure sickness Potions b - 4 potions of holy water Wands i - a wand of magic missile (0:0) p - a wand of make invisible (0:6) Tools r - an oil lamp (lit) (0:865) w - a +0 pick-axe (weapon in hand) Gems q - a worthless piece of yellow glass Spells and supernatural/magical abilities: Name Level Category Fail Memory l - light 1 divination 83% 89% s - slow monster 2 enchantment 100% 92% K - cure sickness 3 healing 100% 89% W - pray for help -- divine ? -- X - turn undead -- divine ? -- Your skills at the end: Fighting Skills Weapon Skills mace [Basic] Spellcasting Skills clerical spells [Basic] Final Attributes: You were piously aligned. You are dead. Vanquished creatures: a dwarf king a gnome king a gnome mummy an orc shaman 5 gnome lords a gnomish wizard a gray ooze a ghoul a little dog 2 dwarves a kobold lord a kobold shaman a monkey an acid blob a hobgoblin a cave spider a brown mold 2 yellow molds 24 gnomes 3 jackals a fox a kobold 3 sewer rats 2 bats 3 lichens 3 newts 64 creatures vanquished. Voluntary challenges: You followed a strict vegan diet. You used a wielded weapon 94 times, starting on turn 32. You read items or engraved 4 times, starting on turn 621. You never genocided any monsters. You never polymorphed an object. You never changed form. You used no wishes. You never split a pudding. You never wrote Elbereth's name. You never violated your personal moral code. Dungeon overview: The Dungeons of Doom: levels 1 to 4 Level 1 a long staircase Level 2 Level 3 Level 4 stairs to The Gnomish Mines The Gnomish Mines: levels 5 to 8 Level 5 stairs to The Dungeons of Doom Level 6 Level 7 Level 8 <- You were here a delicatessen, a fountain, a sink History has recorded: On T:1 you entered the Dungeons of Doom to retrieve the Amulet of Yendor! On T:270 you reached level 2 of The Dungeons of Doom. On T:311 you advanced to experience level 2. On T:741 you reached level 3 of The Dungeons of Doom. On T:1061 you reached level 4 of The Dungeons of Doom. On T:1103 you advanced to experience level 3. On T:1206 you reached level 1 of The Gnomish Mines. On T:1239 you advanced to experience level 4. On T:1409 you advanced to experience level 5. On T:1500 you reached level 2 of The Gnomish Mines. On T:1782 you reached level 3 of The Gnomish Mines. On T:1786 you advanced to experience level 6. On T:2119 you reached level 4 of The Gnomish Mines. Score breakdown: Gold: 0 ( 0 points) Experience: 6 levels (12456 points) Exploration: 8 levels ( 17.02%) (11702 points) Discoveries: 8 items ( 2.69%) ( 4923 points) Valuables value: (no points given unless you survive) Artifact value: 0 ( 0 points) Variety of kills: 26 monsters ( 6.82%) ( 7836 points) Turncount: 2330 turns ( -226 points) Survival: died (score multiplied by 80%) Total score: 29352 Latest messages: The gnome lord hits! You hit the gnome lord. (2x) The gnome lord just misses! The monkey misses. The monkey bites! You miss the gnome lord. The gnome lord hits! The monkey hits! The monkey tries to snatch your armor but gives up. The monkey bites! You miss the gnome lord. The monkey hits! The monkey tries to snatch your pick-axe but gives up. The monkey misses. You hit the gnome lord. The gnome lord misses. The monkey hits! The monkey tries to snatch your armor but gives up. The monkey bites! You miss the gnome lord. The gnome lord hits! You die... Final status: Goodbye Priest Dude the Priest, killed by a gnome lord... You died in The Gnomish Mines on dungeon level 8 with 29352 points, and 0 pieces of gold, after 2330 moves. You were level 6 with a maximum of 53 hit points when you died.